 Dungeon Crawl Stone Soup version 0.27-a0-46-g34d46f0a3f (webtiles) character file.

Game seed: 11593907590553087325

383 Borgoz the Shield-Bearer (level 7, 0/49 HPs)
             Began as a Halfling Fighter on Jan 6, 2021.
             Engulfed by a cloud of steam (2 damage)
             ... on level 4 of the Dungeon.
             The game lasted 00:03:11 (3325 turns).

Borgoz the Shield-Bearer (Halfling Fighter)         Turns: 3325, Time: 00:03:12

Health: 0/49       AC:  8    Str: 17    XL:     7   Next: 5%
Magic:  7/7        EV:  9    Int:  6    God:
Gold:   131        SH: 10    Dex: 16    Spells: 6/6 levels left

rFire    . . .     SeeInvis .   a - +0 long sword
rCold    . . .     Faith    .   c - +0 kite shield
rNeg     . . .     Spirit   .   b - +0 scale mail
rPois    .         Reflect  .   (no helmet)
rElec    .         Harm     .   i - +0 cloak
rCorr    .         Rampage  .   (no gloves)
Will     .....                  (no boots)
Stlth    ..........             (no amulet)
HPRegen  0.16/turn              (no ring)
MPRegen  0.10/turn              (no ring)

@: mighty, flying, very slightly contaminated, invisible
A: small, mutation resistance 1
a: no special abilities


You were on level 4 of the Dungeon.
You visited 1 branch of the dungeon, and saw 4 of its levels.

You collected 131 gold pieces.

Inventory:

Hand Weapons
 a - a +0 long sword (weapon)
Armour
 b - a +0 scale mail (worn)
 c - a +0 kite shield (worn)
 i - a +0 cloak (worn)
Wands
 g - a wand of disintegration (19)
 h - a wand of acid (6)
Scrolls
 e - a scroll of remove curse {unknown}
 f - 5 scrolls of identify {unknown}
 j - a scroll of teleportation
 m - 2 scrolls of amnesia {unknown}
 n - a scroll of random uselessness {unknown}


   Skills:
 * Level 4.4 Fighting
 * Level 4.3 Long Blades
 + Level 4.3 Armour
 + Level 4.4 Shields


You had 6 spell levels left.
You didn't know any spells.
Your spell library was empty.

Dungeon Overview and Level Annotations

Branches:
Dungeon (4/15)
 Temple: D:4-7

Altars:
Fedhas
Qazlal

Annotations:
D:4 Edmund


Innate Abilities, Weirdness & Mutations

You are small and have problems with some larger weapons.
You are somewhat resistant to further mutation.


Message History

The steam dragon is severely wounded.
The steam dragon breathes steam at you. The ball of steam misses you.
Edmund is engulfed in a cloud of scalding steam.
The steam dragon bites you but does no damage.
The steam dragon closely misses you.
You barely miss the steam dragon.
The steam dragon is severely wounded.
The steam dragon bites you but does no damage.
You block the steam dragon's attack.
You closely miss the steam dragon.
The steam dragon is severely wounded.
* * * LOW HITPOINT WARNING * * *
The steam dragon barely misses you.
You riposte.
You completely miss the steam dragon.
The steam dragon is severely wounded.
The steam dragon closely misses you.
You slash the steam dragon!
You kill the steam dragon!
You die...

###.# #.......# #.###
#.......# #.#..
+.......# ####.#.#
#.).....# ##..#.#.#
#.......#
######...#.#.###.....(.#
.........'@.§.....######
........@#.#......#
..(....§§#@#......#
.........#§#......#
.....###.#§########
..... #...# .... ##..#
### #.># ##.# #.#


You could see Edmund.

Vanquished Creatures
  Grinder (D:3)
  A steam dragon (D:4)
  An orc priest (D:3)
  5 adders
  An ooze (D:2)
  A worm (D:3)
  4 dart slugs
  3 leopard geckos
  9 orcs (D:3)
  8 bats
  2 giant cockroaches
  7 goblins
  7 hobgoblins
  7 jackals
  A quokka (D:2)
  9 frilled lizards
  10 kobolds
  9 rats
86 creatures vanquished.

Vanquished Creatures (others)
  A fungus (D:2)
  A plant (D:2)
2 creatures vanquished.

Grand Total: 88 creatures vanquished

Notes
Turn   | Place    | Note
-------+----------+-------------------------------------------
     0 | D:1      | Borgoz the Halfling Fighter began the quest for the Orb.
     0 | D:1      | Reached XP level 1. HP: 15/15 MP: 1/1
    63 | D:1      | Reached XP level 2. HP: 7/20 MP: 2/2
   475 | D:1      | Reached XP level 3. HP: 18/26 MP: 3/3
   939 | D:2      | Found a stormy altar of Qazlal.
   943 | D:2      | Found a blossoming altar of Fedhas.
  1185 | D:2      | Reached XP level 4. HP: 27/31 MP: 4/4
  2048 | D:2      | Reached XP level 5. HP: 36/36 MP: 5/5
  2276 | D:3      | Noticed Grinder
  2307 | D:3      | Paralysed by Grinder for 6 turns
  2319 | D:3      | Paralysed by Grinder for 2 turns
  2334 | D:3      | Killed Grinder
  2335 | D:3      | Reached XP level 6. HP: 10/43 MP: 6/6
  2950 | D:3      | Reached XP level 7. HP: 47/49 MP: 7/7
  3298 | D:4      | Noticed a steam dragon
  3301 | D:4      | Noticed Edmund
  3324 | D:4      | HP: 2/49 [steam dragon] (3)]
  3325 | D:4      | Killed a steam dragon
  3325 | D:4      | Engulfed by a cloud of steam

Illustrated notes

Levels and vault maps discovered:
D:1:      ebering_hopf_link, layout_basic
D:2:      layout_basic, grunt_temple_overflow_forces_of_nature
D:3:      layout_basic, uniq_grinder
D:4:      layout_basic, eat_drink_and_be_merry_uskayaw,
          lemuel_zombie_altar_yredelemnul, gammafunk_ghost_cemetery,
          uniq_edmund, uniq_duvessa, uniq_sigmund

Skill      XL: |  1  2  3  4  5 |
---------------+----------------+-----
Fighting       | 3 4 |  4.4
Long Blades    | 3 4 |  4.3
Shields        | 4 |  4.4
Armour         | 4 |  4.3

Action                   |  1- 3 |  4- 6 |  7- 9 || total
-------------------------+-------+-------+-------++-------
Melee: Long sword        |   118 |   145 |    44 ||   307
Evoke: Wand              |       |     2 |       ||     2
  Use: Scroll            |     1 |       |       ||     1
       Potion            |       |     6 |     5 ||    11
Armor: Scale mail        |    66 |    63 |    32 ||   161
Dodge: Dodged            |    53 |    54 |    27 ||   134
Block: Kite shield       |    63 |    96 |    38 ||   197
       Rpst.: Long sword |    19 |    16 |     9 ||    44

Table legend: (Time is in decaauts)
 A = Elapsed time spent in this place.
 B = Non-inter-level travel time spent in this place.
 C = Inter-level travel time spent in this place.
 D = Time resting spent in this place.
 E = Time spent auto-exploring this place.
 F = Levels seen in this place.
 G = Mean time per level.
                   A        B        C        D        E       F      G
               +--------+--------+--------+--------+--------+-----+--------+
         Total |   3426 |   3354 |     72 |    402 |   2296 |   4 |  856.5 |
       Dungeon |   3426 |   3354 |     72 |    402 |   2296 |   4 |  856.5 |
               +--------+--------+--------+--------+--------+-----+--------+

Top non-repeatable levels by time:
     D:2: 1412 daAuts
     D:3: 1044 daAuts
     D:1: 894 daAuts
     D:4: 75 daAuts
